[ AOE2 MATCH · #474887291 ]
UnrankedTeutons vs Armenians
[ REPLAY ANALYSIS · EXTRACTED FROM THE RECORDED GAME ]
Feudal
15:09
Castle
20:23
Imperial
33:38
| APM avg | 43.1 |
| APM peak | 108 |
| eAPM avg | 25.0 |
| Villagers / military | 293 / 350 |
Focus
⚔️ 38.7% · 🌾 61.3%
Knight ×315 · Trade Cog ×25 · Scout Cavalry ×25 · Fishing Ship ×19 · Demolition Raft ×6 · Monk ×2
Feudal
12:07
Castle
21:56
Imperial
36:42
| APM avg | 23.0 |
| APM peak | 41 |
| eAPM avg | 13.9 |
| Villagers / military | 148 / 250 |
Focus
⚔️ 34.5% · 🌾 65.5%
Composite Bowman ×210 · Galley ×25 · Trebuchet (Packed) ×14 · Fishing Ship ×11 · Monk ×1
Feudal
11:52
Castle
17:55
Imperial
32:48
| APM avg | 40.9 |
| APM peak | 120 |
| eAPM avg | 22.2 |
| Villagers / military | 207 / 152 |
Focus
⚔️ 34.5% · 🌾 65.5%
Archer ×145 · Unknown (1942) ×9 · Fishing Ship ×6 · Mangonel ×4 · Militia ×3
Feudal
15:23
Castle
18:58
Imperial
39:00
| APM avg | 41.3 |
| APM peak | 82 |
| eAPM avg | 20.0 |
| Villagers / military | 140 / 474 |
Focus
⚔️ 36.8% · 🌾 63.2%
Scout Cavalry ×300 · Knight ×93 · Organ Gun ×79 · Fishing Ship ×3 · Mangonel ×2
Feudal
16:03
Castle
19:36
Imperial
39:28
| APM avg | 30.0 |
| APM peak | 142 |
| eAPM avg | 21.1 |
| Villagers / military | 207 / 579 |
Focus
⚔️ 46.0% · 🌾 54.0%
Skirmisher ×195 · Archer ×180 · Spearman ×141 · Fishing Ship ×35 · Galley ×32 · Militia ×10
Feudal
13:57
Castle
18:42
Imperial
40:26
| APM avg | 36.4 |
| APM peak | 65 |
| eAPM avg | 20.1 |
| Villagers / military | 164 / 495 |
Focus
⚔️ 32.0% · 🌾 68.0%
Skirmisher ×200 · Archer ×148 · Spearman ×100 · Plumed Archer ×28 · Eagle Scout ×11 · Fishing Ship ×9
Feudal
13:02
Castle
17:50
Imperial
35:25
| APM avg | 49.6 |
| APM peak | 105 |
| eAPM avg | 23.5 |
| Villagers / military | 189 / 274 |
Focus
⚔️ 37.8% · 🌾 62.2%
Woad Raider ×110 · Scorpion ×73 · Spearman ×61 · Battering Ram ×21 · Fishing Ship ×13 · Mangonel ×6
Feudal
12:58
Castle
17:12
Imperial
44:32
| APM avg | 43.8 |
| APM peak | 81 |
| eAPM avg | 30.0 |
| Villagers / military | 178 / 311 |
Focus
⚔️ 47.0% · 🌾 53.0%
Spearman ×180 · Skirmisher ×100 · Fishing Ship ×34 · Trade Cog ×27 · Elephant Archer ×15 · Armored Elephant ×8
Match map
Initial resources + every placement click. Lines = walls · curves = elevation contours. ◆ gold · ⬟ stone · ● berries · ✦ relic · ◌ wall gap
Your base· Open — unwalled flank
Sorrateiro's base· Open — 4t gap
Fanaticjedispud's base· Open — 3t gap
Squid hunter's base· Open — 6t gap
BøM_八府巡案包龍星's base· Open — 8t gap
Modjo's base· Open — 12t gap
Saraiva's base· Open — unwalled flank
IamSheuu's base· Open — 6t gap
Smoothed initial terrain · ◌ = detected wall gap · hover for details
Inputs per minute
— BøM_antihack.exe - - Sorrateiro
Build order — BøM_antihack.exe
First 150 of 620 actions detected
| 0:25 | Build | Town Center |
| 1:31 | Build | Dock |
| 1:33 | Build | House |
| 1:34 | Build | Palisade Wall |
| 2:42 | Create | Villager (Male) ×4 |
| 2:42 | Create | Villager (Male) ×4 |
| 3:40 | Create | Fishing Ship |
| 3:40 | Create | Fishing Ship |
| 4:25 | Build | House |
| 4:35 | Research | Loom |
| 4:46 | Create | Fishing Ship |
| 4:46 | Create | Fishing Ship |
| 4:48 | Create | Villager (Male) |
| 4:48 | Create | Villager (Male) |
| 4:48 | Create | Villager (Male) |
| 5:14 | Build | House |
| 5:23 | Create | Villager (Male) |
| 5:24 | Create | Villager (Male) |
| 5:37 | Build | House |
| 5:59 | Create | Villager (Male) |
| 5:59 | Create | Villager (Male) |
| 6:14 | Create | Villager (Male) |
| 6:14 | Create | Villager (Male) |
| 6:23 | Create | Fishing Ship |
| 6:24 | Create | Fishing Ship |
| 6:52 | Create | Villager (Male) |
| 6:52 | Create | Villager (Male) |
| 6:54 | Create | Fishing Ship |
| 6:54 | Create | Fishing Ship |
| 7:23 | Create | Fishing Ship |
| 7:23 | Create | Fishing Ship |
| 7:32 | Create | Villager (Male) |
| 7:32 | Create | Villager (Male) |
| 7:33 | Create | Villager (Male) |
| 7:53 | Create | Villager (Male) |
| 7:53 | Create | Villager (Male) |
| 8:05 | Build | House |
| 8:13 | Create | Villager (Male) |
| 8:13 | Create | Villager (Male) |
| 8:15 | Create | Fishing Ship |
| 8:39 | Create | Villager (Male) |
| 8:40 | Create | Villager (Male) |
| 8:49 | Build | House |
| 8:57 | Create | Villager (Male) |
| 8:57 | Create | Villager (Male) |
| 8:58 | Create | Fishing Ship |
| 9:22 | Create | Villager (Male) |
| 9:35 | Create | Villager (Male) |
| 9:57 | Create | Villager (Male) |
| 9:58 | Create | Fishing Ship |
| 10:09 | Build | Dock |
| 10:12 | Create | Villager (Male) |
| 10:39 | Create | Villager (Male) |
| 10:44 | Build | House |
| 10:50 | Create | Fishing Ship |
| 11:11 | Create | Villager (Male) |
| 11:14 | Build | House |
| 11:26 | Create | Fishing Ship |
| 11:26 | Create | Fishing Ship |
| 11:28 | Create | Villager (Male) |
| 11:34 | Create | Fishing Ship |
| 11:57 | Build | Palisade Wall |
| 12:20 | Create | Villager (Male) |
| 12:24 | Build | Mining Camp |
| 12:27 | Build | House |
| 12:59 | Research | Feudal Age |
| 12:59 | Research | Feudal Age |
| 13:03 | Build | Palisade Wall |
| 13:05 | Build | Palisade Wall |
| 13:14 | Build | Palisade Wall |
| 13:32 | Build | Dock |
| 13:53 | Build | Dock |
| 14:19 | Create | Villager (Male) |
| 14:29 | Build | Lumber Camp |
| 14:32 | Build | Palisade Wall |
| 15:05 | Build | Lumber Camp |
| 15:09 | Age | Feudal Age |
| 15:11 | Create | Villager (Male) |
| 15:12 | Create | Villager (Male) |
| 15:41 | Build | Mill |
| 15:43 | Create | Villager (Male) |
| 15:55 | Build | Blacksmith |
| 16:17 | Create | Villager (Male) |
| 16:25 | Create | Demolition Raft |
| 16:27 | Create | Demolition Raft |
| 16:34 | Create | Villager (Male) |
| 16:41 | Build | Market |
| 16:50 | Research | Double-Bit Axe |
| 16:50 | Research | Double-Bit Axe |
| 17:03 | Build | House |
| 17:04 | Build | House |
| 17:34 | Create | Villager (Male) |
| 17:37 | Build | House |
| 17:43 | Research | Castle Age |
| 17:43 | Research | Castle Age |
| 18:48 | Create | Fishing Ship |
| 18:49 | Create | Fishing Ship |
| 18:49 | Research | Fletching |
| 18:50 | Research | Fletching |
| 18:50 | Create | Villager (Male) |
| 18:52 | Build | House |
| 18:53 | Build | House |
| 18:57 | Build | Farm |
| 18:57 | Build | Farm |
| 18:57 | Build | Farm |
| 18:57 | Build | Farm |
| 18:58 | Build | Farm |
| 19:00 | Build | Farm |
| 19:57 | Build | Dock |
| 20:08 | Create | Villager (Male) |
| 20:20 | Create | Villager (Male) |
| 20:23 | Age | Castle Age |
| 20:24 | Research | Horse Collar |
| 20:24 | Research | Horse Collar |
| 20:27 | Build | House |
| 20:30 | Create | Villager (Male) |
| 20:49 | Create | Demolition Raft |
| 21:03 | Create | Villager (Male) |
| 21:24 | Create | Villager (Male) |
| 21:41 | Create | Villager (Male) |
| 21:45 | Build | Town Center |
| 21:59 | Create | Demolition Raft |
| 22:10 | Create | Villager (Male) |
| 22:27 | Build | Town Center |
| 22:29 | Create | Villager (Male) |
| 22:37 | Create | Villager (Male) |
| 22:44 | Build | Mill |
| 22:47 | Create | Villager (Male) |
| 23:29 | Create | Villager (Male) |
| 23:32 | Research | Bow Saw |
| 23:32 | Research | Bow Saw |
| 23:36 | Build | Farm |
| 23:36 | Build | Farm |
| 23:37 | Build | Farm |
| 23:37 | Build | Farm |
| 23:43 | Create | Villager (Male) |
| 23:43 | Create | Villager (Male) |
| 23:43 | Create | Villager (Male) |
| 23:49 | Build | Farm |
| 23:50 | Build | Farm |
| 23:54 | Create | Villager (Male) |
| 23:54 | Create | Villager (Male) |
| 24:00 | Create | Villager (Male) |
| 24:00 | Create | Villager (Male) |
| 24:04 | Build | Farm |
| 24:06 | Build | Farm |
| 24:09 | Build | Farm |
| 24:21 | Create | Villager (Male) |
| 24:21 | Create | Villager (Male) |
| 24:23 | Create | Villager (Male) |
Build order — Sorrateiro
First 150 of 324 actions detected
| 0:08 | Build | Town Center |
| 0:36 | Build | Dock |
| 1:25 | Build | House |
| 1:28 | Build | Palisade Wall |
| 2:33 | Create | Villager (Male) ×4 |
| 2:34 | Create | Villager (Male) ×4 |
| 3:46 | Create | Fishing Ship |
| 3:47 | Create | Fishing Ship |
| 4:05 | Create | Villager (Male) |
| 4:40 | Build | House |
| 4:41 | Research | Loom |
| 4:49 | Create | Fishing Ship |
| 5:15 | Create | Villager (Male) |
| 5:39 | Create | Villager (Male) |
| 5:57 | Create | Fishing Ship |
| 6:09 | Create | Villager (Male) |
| 6:25 | Build | House |
| 6:34 | Create | Villager (Male) |
| 6:58 | Create | Fishing Ship |
| 7:03 | Create | Villager (Male) |
| 7:28 | Create | Villager (Male) |
| 7:29 | Create | Villager (Male) |
| 8:01 | Create | Villager (Male) |
| 8:04 | Build | House |
| 8:07 | Create | Fishing Ship |
| 8:29 | Create | Villager (Male) |
| 8:40 | Build | Mule Cart |
| 9:22 | Create | Villager (Male) |
| 9:57 | Research | Feudal Age |
| 10:13 | Build | Mule Cart |
| 10:32 | Build | Dock |
| 10:33 | Build | Palisade Wall |
| 10:51 | Build | House |
| 11:47 | Build | Dock |
| 12:04 | Create | Villager (Male) |
| 12:07 | Age | Feudal Age |
| 12:13 | Research | Double-Bit Axe |
| 12:15 | Create | Galley |
| 12:16 | Create | Galley |
| 12:24 | Create | Galley |
| 12:42 | Create | Villager (Male) |
| 12:49 | Create | Galley |
| 12:49 | Create | Galley |
| 12:51 | Create | Galley |
| 12:56 | Create | Villager (Male) |
| 13:00 | Build | House |
| 13:04 | Build | House |
| 13:14 | Research | Town Watch |
| 13:50 | Create | Villager (Male) |
| 13:53 | Create | Galley |
| 13:53 | Create | Galley |
| 14:03 | Build | Blacksmith |
| 14:07 | Create | Villager (Male) |
| 14:27 | Create | Villager (Male) |
| 14:38 | Create | Galley |
| 14:39 | Create | Galley |
| 15:02 | Create | Villager (Male) |
| 15:05 | Research | Fletching |
| 15:21 | Create | Galley |
| 15:21 | Create | Galley |
| 15:22 | Create | Villager (Male) |
| 15:27 | Build | House |
| 15:28 | Build | House |
| 15:29 | Build | House |
| 15:29 | Build | House |
| 15:30 | Build | House |
| 15:47 | Research | Wheelbarrow |
| 16:17 | Create | Galley |
| 16:31 | Build | Mill |
| 16:43 | Build | House |
| 16:45 | Build | House |
| 16:46 | Build | House |
| 16:51 | Create | Villager (Male) |
| 17:06 | Build | Mill |
| 17:08 | Create | Villager (Male) |
| 17:39 | Create | Villager (Male) |
| 18:04 | Create | Villager (Male) |
| 18:09 | Build | Market |
| 18:53 | Create | Galley |
| 18:54 | Create | Galley |
| 19:16 | Research | Castle Age |
| 20:36 | Build | House |
| 20:41 | Research | Gold Mining |
| 20:49 | Build | Mill |
| 21:22 | Build | House |
| 21:27 | Create | Galley ×5 |
| 21:56 | Age | Castle Age |
| 21:59 | Research | War Galley (upgrade) |
| 22:00 | Create | Villager (Male) |
| 22:05 | Research | Bow Saw |
| 22:19 | Create | Villager (Male) |
| 22:32 | Create | Villager (Male) |
| 22:37 | Build | Town Center |
| 22:51 | Research | Bodkin Arrow |
| 22:55 | Create | Villager (Male) |
| 22:59 | Create | Villager (Male) |
| 23:09 | Build | House |
| 23:23 | Create | Galley ×2 |
| 23:24 | Create | Villager (Male) |
| 23:40 | Build | Monastery |
| 23:54 | Create | Villager (Male) |
| 24:17 | Create | Villager (Male) |
| 24:18 | Create | Villager (Male) |
| 24:20 | Create | Villager (Male) |
| 24:22 | Create | Monk |
| 24:45 | Create | Galley |
| 24:46 | Create | Galley |
| 24:49 | Create | Villager (Male) ×3 |
| 25:06 | Build | Town Center |
| 25:12 | Create | Galley |
| 25:19 | Build | House |
| 25:33 | Research | Horse Collar |
| 25:37 | Build | Mule Cart |
| 25:39 | Create | Villager (Male) |
| 25:40 | Create | Villager (Male) |
| 25:45 | Build | Farm |
| 25:46 | Build | Farm |
| 25:47 | Build | Farm |
| 25:48 | Build | Farm |
| 26:06 | Create | Villager (Male) ×2 |
| 26:09 | Build | House |
| 26:10 | Build | House |
| 26:29 | Create | Villager (Male) |
| 26:34 | Create | Villager (Male) |
| 26:51 | Create | Villager (Male) ×2 |
| 26:53 | Build | Town Center |
| 27:10 | Create | Fishing Ship ×5 |
| 27:14 | Create | Villager (Male) ×2 |
| 27:22 | Research | Tech 906 |
| 27:29 | Build | House |
| 27:41 | Create | Villager (Male) ×3 |
| 27:49 | Build | Farm |
| 27:50 | Build | Farm |
| 27:53 | Build | Farm |
| 27:54 | Build | Farm |
| 28:15 | Create | Villager (Male) |
| 28:18 | Build | Farm |
| 28:20 | Build | Farm |
| 28:21 | Build | Farm |
| 28:22 | Build | Farm |
| 28:24 | Build | Farm |
| 28:26 | Create | Villager (Male) |
| 28:31 | Build | Farm |
| 28:32 | Build | Farm |
| 28:33 | Build | Farm |
| 28:34 | Build | Farm |
| 28:37 | Build | Farm |
| 28:41 | Build | Farm |
| 28:42 | Create | Villager (Male) |
| 29:00 | Create | Villager (Male) |
Build order — Fanaticjedispud
First 150 of 507 actions detected
| 0:10 | Build | Town Center |
| 0:46 | Build | Dock |
| 0:48 | Build | House |
| 1:53 | Build | Palisade Wall |
| 1:54 | Build | Palisade Wall |
| 2:31 | Create | Villager (Male) ×4 |
| 2:31 | Create | Villager (Male) ×4 |
| 3:43 | Create | Fishing Ship |
| 4:00 | Create | Villager (Male) |
| 4:04 | Build | House |
| 4:31 | Research | Loom |
| 4:42 | Create | Fishing Ship |
| 5:01 | Create | Villager (Male) |
| 5:23 | Create | Villager (Male) |
| 5:24 | Create | Villager (Male) |
| 5:33 | Build | House |
| 5:44 | Create | Villager (Male) |
| 5:59 | Create | Villager (Male) |
| 6:08 | Create | Villager (Male) |
| 6:15 | Create | Fishing Ship |
| 6:32 | Create | Villager (Male) |
| 6:32 | Create | Villager (Male) |
| 6:43 | Build | House |
| 6:47 | Create | Villager (Male) |
| 6:47 | Create | Villager (Male) |
| 7:03 | Create | Villager (Male) |
| 7:03 | Create | Villager (Male) |
| 7:20 | Create | Villager (Male) |
| 7:23 | Create | Fishing Ship |
| 7:24 | Create | Fishing Ship |
| 7:35 | Create | Villager (Male) |
| 7:59 | Create | Villager (Male) |
| 7:59 | Create | Villager (Male) |
| 8:01 | Create | Fishing Ship |
| 8:06 | Build | Palisade Wall |
| 8:17 | Build | Palisade Wall |
| 8:22 | Build | Palisade Wall |
| 8:53 | Create | Villager (Male) |
| 8:59 | Build | Mill |
| 9:07 | Build | House |
| 9:42 | Research | Feudal Age |
| 9:43 | Research | Feudal Age |
| 10:04 | Build | Lumber Camp |
| 10:54 | Build | Barracks |
| 11:04 | Create | Villager (Male) |
| 11:46 | Build | House |
| 11:50 | Create | Militia |
| 11:50 | Create | Militia |
| 11:50 | Create | Militia |
| 11:52 | Age | Feudal Age |
| 12:05 | Research | Double-Bit Axe |
| 12:12 | Create | Villager (Male) |
| 12:17 | Build | Mining Camp |
| 12:24 | Build | House |
| 12:25 | Build | Palisade Wall |
| 12:26 | Build | Palisade Wall |
| 12:30 | Create | Villager (Male) |
| 12:44 | Build | Watch Tower |
| 12:50 | Build | Palisade Wall |
| 12:51 | Build | Palisade Wall |
| 12:53 | Build | Palisade Wall |
| 12:57 | Create | Villager (Male) |
| 13:27 | Build | Market |
| 13:29 | Create | Villager (Male) |
| 13:41 | Build | House |
| 13:54 | Create | Villager (Male) |
| 14:06 | Build | Blacksmith |
| 14:07 | Build | Palisade Wall |
| 14:23 | Build | Palisade Wall |
| 14:25 | Create | Villager (Male) |
| 14:46 | Build | Palisade Wall |
| 14:48 | Build | House |
| 14:50 | Create | Villager (Male) |
| 15:09 | Research | Castle Age |
| 15:25 | Build | House |
| 15:27 | Build | Palisade Wall |
| 15:31 | Create | Villager (Male) |
| 16:07 | Build | Archery Range |
| 16:17 | Build | House |
| 16:25 | Build | Palisade Wall |
| 16:45 | Research | Fletching |
| 16:47 | Build | Archery Range |
| 17:32 | Build | House |
| 17:34 | Build | Palisade Wall |
| 17:47 | Create | Villager (Male) |
| 17:49 | Create | Archer |
| 17:49 | Create | Archer |
| 17:55 | Age | Castle Age |
| 17:59 | Build | Town Center |
| 18:17 | Create | Archer |
| 18:24 | Research | Bodkin Arrow |
| 18:36 | Create | Villager (Male) |
| 18:45 | Research | Crossbowman (upgrade) |
| 18:52 | Create | Villager (Male) |
| 19:05 | Create | Villager (Male) |
| 19:06 | Build | Farm |
| 19:08 | Build | Farm |
| 19:10 | Create | Archer |
| 19:11 | Create | Archer |
| 19:14 | Create | Villager (Male) |
| 19:14 | Create | Villager (Male) |
| 19:24 | Build | Farm |
| 19:31 | Build | Farm |
| 19:33 | Build | Farm |
| 19:37 | Research | Horse Collar |
| 19:37 | Research | Horse Collar |
| 19:38 | Create | Archer |
| 19:38 | Create | Archer |
| 19:55 | Create | Villager (Male) |
| 19:55 | Create | Villager (Male) |
| 19:59 | Build | Farm |
| 20:00 | Create | Villager (Male) |
| 20:00 | Create | Villager (Male) |
| 20:06 | Create | Archer |
| 20:14 | Build | House |
| 20:19 | Create | Villager (Male) |
| 20:21 | Create | Villager (Male) |
| 20:21 | Create | Villager (Male) |
| 20:24 | Build | Farm |
| 20:31 | Build | Siege Workshop |
| 20:48 | Create | Villager (Male) |
| 20:56 | Create | Archer |
| 20:57 | Create | Archer |
| 20:59 | Build | Farm |
| 21:00 | Create | Villager (Male) |
| 21:00 | Create | Villager (Male) |
| 21:07 | Create | Villager (Male) |
| 21:08 | Create | Archer |
| 21:11 | Create | Villager (Male) |
| 21:18 | Build | Farm |
| 21:19 | Create | Villager (Male) |
| 21:19 | Create | Villager (Male) |
| 21:28 | Create | Villager (Male) |
| 21:42 | Build | University |
| 21:46 | Create | Villager (Male) |
| 21:49 | Build | Farm |
| 21:51 | Create | Villager (Male) |
| 22:18 | Create | Villager (Male) |
| 22:20 | Create | Mangonel |
| 22:29 | Create | Villager (Male) |
| 22:36 | Build | Lumber Camp |
| 22:36 | Create | Villager (Male) |
| 22:44 | Research | Town Watch |
| 22:47 | Build | Outpost |
| 22:51 | Create | Villager (Male) |
| 22:54 | Build | Farm |
| 22:54 | Build | Farm |
| 22:54 | Build | Farm |
| 23:02 | Create | Villager (Male) |
| 23:25 | Create | Villager (Male) |
Build order — Squid hunter
First 150 of 504 actions detected
| 0:11 | Build | Town Center |
| 0:56 | Build | Dock |
| 0:57 | Build | House |
| 2:31 | Create | Villager (Male) |
| 2:32 | Create | Villager (Male) |
| 2:32 | Create | Villager (Male) |
| 2:32 | Create | Villager (Male) |
| 2:33 | Create | Villager (Male) |
| 3:30 | Create | Fishing Ship |
| 4:08 | Research | Loom |
| 4:35 | Create | Villager (Male) |
| 4:35 | Create | Villager (Male) |
| 4:57 | Create | Villager (Male) |
| 4:57 | Create | Villager (Male) |
| 5:17 | Create | Fishing Ship |
| 5:34 | Create | Villager (Male) |
| 5:35 | Create | Villager (Male) |
| 5:39 | Build | House |
| 6:22 | Create | Fishing Ship |
| 6:23 | Create | Villager (Male) |
| 6:23 | Create | Villager (Male) |
| 6:49 | Create | Villager (Male) |
| 6:49 | Create | Villager (Male) |
| 6:58 | Build | House |
| 7:16 | Create | Villager (Male) |
| 7:17 | Create | Villager (Male) |
| 7:32 | Build | House |
| 7:40 | Create | Villager (Male) |
| 7:40 | Create | Villager (Male) |
| 7:49 | Build | House |
| 7:59 | Create | Villager (Male) |
| 8:08 | Build | Mill |
| 8:31 | Build | House |
| 8:51 | Build | House |
| 9:03 | Create | Villager (Male) |
| 9:22 | Build | House |
| 9:24 | Create | Villager (Male) |
| 9:43 | Create | Villager (Male) |
| 9:44 | Create | Villager (Male) |
| 9:58 | Create | Villager (Male) |
| 10:12 | Build | Mill |
| 10:23 | Create | Villager (Male) |
| 10:23 | Create | Villager (Male) |
| 10:24 | Create | Villager (Male) |
| 11:19 | Create | Villager (Male) |
| 11:52 | Build | Mill |
| 11:57 | Create | Villager (Male) |
| 12:24 | Build | House |
| 12:28 | Create | Villager (Male) |
| 12:32 | Research | Feudal Age |
| 12:43 | Build | Mining Camp |
| 13:23 | Create | Villager (Male) |
| 13:23 | Create | Villager (Male) |
| 14:33 | Build | Barracks |
| 15:23 | Age | Feudal Age |
| 15:29 | Build | Stable |
| 15:35 | Build | Blacksmith |
| 16:00 | Build | House |
| 16:18 | Research | Castle Age |
| 16:24 | Create | Scout Cavalry |
| 16:40 | Build | Mill |
| 17:14 | Build | Lumber Camp |
| 17:24 | Create | Scout Cavalry |
| 17:46 | Research | Double-Bit Axe |
| 17:46 | Research | Double-Bit Axe |
| 18:06 | Create | Scout Cavalry |
| 18:08 | Research | Horse Collar |
| 18:22 | Build | Farm |
| 18:23 | Build | Farm |
| 18:33 | Create | Scout Cavalry |
| 18:38 | Create | Villager (Male) |
| 18:41 | Build | Farm |
| 18:43 | Build | Farm |
| 18:58 | Age | Castle Age |
| 19:05 | Research | Light Cavalry (upgrade) |
| 19:05 | Research | Light Cavalry (upgrade) |
| 19:28 | Create | Villager (Male) |
| 19:53 | Create | Villager (Male) |
| 20:02 | Build | Town Center |
| 20:09 | Create | Villager (Male) |
| 20:13 | Research | Scale Barding Armor |
| 20:13 | Research | Scale Barding Armor |
| 20:15 | Build | House |
| 20:16 | Build | House |
| 20:17 | Build | House |
| 20:47 | Create | Villager (Male) |
| 20:50 | Create | Villager (Male) |
| 21:09 | Build | Farm |
| 21:09 | Create | Villager (Male) |
| 21:16 | Create | Scout Cavalry |
| 21:16 | Create | Scout Cavalry |
| 21:30 | Create | Villager (Male) |
| 21:30 | Create | Villager (Male) |
| 21:52 | Create | Villager (Male) |
| 21:55 | Build | Farm |
| 21:57 | Build | Farm |
| 21:57 | Build | Farm |
| 21:57 | Build | Farm |
| 21:58 | Build | Farm |
| 21:58 | Build | Farm |
| 21:58 | Build | Farm |
| 22:12 | Create | Scout Cavalry |
| 22:17 | Build | Farm |
| 22:19 | Create | Villager (Male) |
| 22:19 | Create | Villager (Male) |
| 22:52 | Create | Villager (Male) |
| 22:54 | Create | Villager (Male) |
| 23:02 | Create | Villager (Male) |
| 23:10 | Build | Farm |
| 23:11 | Build | Farm |
| 23:12 | Build | Farm |
| 23:13 | Build | Farm |
| 23:37 | Create | Villager (Male) |
| 23:39 | Build | Siege Workshop |
| 23:50 | Research | Town Watch |
| 23:51 | Research | Wheelbarrow |
| 24:28 | Create | Villager (Male) |
| 24:28 | Create | Villager (Male) |
| 24:58 | Create | Villager (Male) |
| 24:59 | Create | Villager (Male) |
| 24:59 | Create | Villager (Male) |
| 25:10 | Create | Villager (Male) |
| 25:13 | Build | Town Center |
| 25:16 | Create | Mangonel |
| 25:20 | Build | Lumber Camp |
| 25:22 | Research | Bow Saw |
| 25:22 | Research | Bow Saw |
| 25:49 | Create | Villager (Male) |
| 25:49 | Create | Villager (Male) |
| 25:59 | Build | Lumber Camp |
| 26:02 | Build | House |
| 26:10 | Build | Farm |
| 26:11 | Build | Farm |
| 26:12 | Create | Villager (Male) |
| 26:12 | Create | Villager (Male) |
| 26:13 | Build | House |
| 26:14 | Build | House |
| 26:14 | Build | House |
| 26:14 | Build | House |
| 26:48 | Create | Villager (Male) |
| 26:49 | Create | Villager (Male) |
| 26:49 | Create | Villager (Male) |
| 26:50 | Create | Scout Cavalry |
| 26:51 | Create | Scout Cavalry |
| 26:51 | Create | Scout Cavalry |
| 26:53 | Create | Villager (Male) |
| 26:56 | Build | Farm |
| 26:57 | Build | Farm |
| 26:58 | Build | Farm |
| 26:59 | Build | Farm |
Build order — BøM_八府巡案包龍星
First 150 of 522 actions detected
| 0:18 | Build | Town Center |
| 0:54 | Build | House |
| 1:45 | Build | Dock |
| 2:07 | Build | Palisade Wall |
| 2:09 | Build | Palisade Wall |
| 2:39 | Create | Villager (Male) |
| 2:40 | Create | Villager (Male) |
| 2:40 | Create | Villager (Male) |
| 2:40 | Create | Villager (Male) |
| 2:41 | Create | Villager (Male) |
| 2:50 | Research | Loom |
| 2:50 | Create | Villager (Male) ×4 |
| 3:14 | Build | Dock |
| 4:06 | Create | Villager (Male) |
| 4:06 | Create | Villager (Male) |
| 4:41 | Create | Villager (Male) |
| 4:41 | Create | Villager (Male) |
| 4:54 | Build | House |
| 5:26 | Create | Villager (Male) |
| 5:26 | Create | Villager (Male) |
| 5:48 | Create | Villager (Male) |
| 5:48 | Create | Villager (Male) |
| 5:58 | Create | Fishing Ship |
| 5:58 | Create | Fishing Ship |
| 6:33 | Create | Villager (Male) |
| 6:34 | Create | Villager (Male) |
| 7:06 | Create | Fishing Ship |
| 7:06 | Create | Fishing Ship |
| 7:09 | Create | Villager (Male) |
| 7:09 | Create | Villager (Male) |
| 7:14 | Build | House |
| 7:56 | Create | Villager (Male) |
| 7:56 | Create | Villager (Male) |
| 7:58 | Create | Fishing Ship |
| 7:59 | Create | Fishing Ship |
| 8:31 | Create | Villager (Male) |
| 8:31 | Create | Villager (Male) |
| 8:42 | Build | House |
| 8:46 | Create | Villager (Male) |
| 8:46 | Create | Villager (Male) |
| 8:52 | Create | Fishing Ship |
| 9:12 | Create | Villager (Male) |
| 9:12 | Create | Villager (Male) |
| 9:25 | Build | House |
| 9:33 | Create | Fishing Ship |
| 9:33 | Create | Fishing Ship |
| 9:40 | Build | House |
| 9:51 | Create | Villager (Male) |
| 9:51 | Create | Villager (Male) |
| 10:04 | Build | House |
| 10:11 | Create | Villager (Male) |
| 10:11 | Create | Villager (Male) |
| 10:16 | Create | Fishing Ship ×2 |
| 10:16 | Create | Fishing Ship ×2 |
| 11:11 | Create | Villager (Male) |
| 11:12 | Create | Villager (Male) |
| 11:12 | Create | Villager (Male) |
| 11:21 | Build | Mill |
| 11:35 | Create | Fishing Ship |
| 11:53 | Research | Loom |
| 12:09 | Build | House |
| 12:15 | Build | House |
| 12:38 | Create | Villager (Male) |
| 12:39 | Create | Villager (Male) |
| 12:39 | Create | Villager (Male) |
| 12:42 | Create | Fishing Ship |
| 13:09 | Build | Mining Camp |
| 13:37 | Research | Feudal Age |
| 13:52 | Build | Lumber Camp |
| 14:01 | Build | House |
| 15:27 | Create | Villager (Male) |
| 15:27 | Create | Villager (Male) |
| 16:03 | Age | Feudal Age |
| 16:08 | Build | Market |
| 16:11 | Build | Blacksmith |
| 16:20 | Research | Double-Bit Axe |
| 16:40 | Build | Mill |
| 16:56 | Research | Castle Age |
| 16:56 | Research | Castle Age |
| 17:26 | Research | Horse Collar |
| 17:45 | Build | Dock |
| 17:48 | Research | Tech 906 |
| 17:53 | Research | Fletching |
| 18:15 | Create | Galley |
| 18:15 | Create | Galley |
| 18:16 | Create | Galley |
| 18:21 | Build | House |
| 18:26 | Build | House |
| 18:27 | Build | House |
| 18:29 | Build | House |
| 18:41 | Build | Palisade Wall |
| 18:45 | Build | Palisade Gate |
| 19:15 | Build | Palisade Wall |
| 19:36 | Age | Castle Age |
| 19:39 | Research | War Galley (upgrade) |
| 19:41 | Create | Villager (Male) |
| 19:41 | Create | Villager (Male) |
| 19:43 | Research | Bow Saw |
| 19:43 | Research | Bow Saw |
| 19:52 | Create | Galley |
| 20:17 | Create | Villager (Male) |
| 20:17 | Create | Villager (Male) |
| 20:21 | Build | University |
| 20:23 | Create | Villager (Male) |
| 20:24 | Create | Villager (Male) |
| 20:41 | Create | Galley ×2 |
| 21:11 | Build | Dock |
| 21:19 | Research | Bodkin Arrow |
| 21:19 | Research | Bodkin Arrow |
| 21:40 | Research | Gold Mining |
| 21:40 | Research | Gold Mining |
| 21:45 | Create | Villager (Male) |
| 21:46 | Create | Villager (Male) |
| 21:55 | Build | Mill |
| 22:14 | Create | Galley ×4 |
| 22:21 | Create | Villager (Male) |
| 22:21 | Create | Villager (Male) |
| 22:22 | Create | Villager (Male) |
| 22:38 | Create | Villager (Male) |
| 22:39 | Create | Villager (Male) |
| 22:44 | Build | House |
| 22:45 | Build | House |
| 22:47 | Build | House |
| 23:30 | Create | Villager (Male) |
| 23:32 | Research | Ballistics |
| 23:33 | Research | Tech 908 |
| 23:51 | Create | Galley ×2 |
| 24:11 | Create | Villager (Male) |
| 24:11 | Create | Villager (Male) |
| 24:48 | Create | Galley |
| 24:48 | Create | Galley |
| 24:52 | Create | Villager (Male) |
| 24:52 | Create | Villager (Male) |
| 24:56 | Build | House |
| 24:57 | Build | House |
| 25:01 | Build | Town Center |
| 25:12 | Research | Careening |
| 25:12 | Research | Careening |
| 25:19 | Create | Galley |
| 25:19 | Create | Galley |
| 25:31 | Create | Villager (Male) |
| 25:32 | Create | Villager (Male) |
| 25:32 | Create | Villager (Male) |
| 25:33 | Create | Villager (Male) |
| 25:34 | Create | Villager (Male) |
| 25:55 | Build | Lumber Camp |
| 25:57 | Build | House |
| 26:05 | Create | Galley ×4 |
| 26:23 | Create | Villager (Male) |
| 26:27 | Research | Wheelbarrow |
Build order — Modjo
First 150 of 553 actions detected
| 0:37 | Build | Town Center |
| 1:02 | Build | Dock |
| 1:11 | Build | Palisade Wall |
| 1:20 | Build | House |
| 2:49 | Create | Villager (Male) |
| 2:50 | Research | Loom |
| 3:02 | Create | Villager (Male) |
| 3:02 | Create | Villager (Male) |
| 3:02 | Create | Villager (Male) |
| 3:42 | Research | Loom |
| 3:55 | Create | Fishing Ship |
| 4:22 | Create | Villager (Male) |
| 4:22 | Create | Villager (Male) |
| 4:40 | Create | Fishing Ship |
| 4:57 | Build | House |
| 5:17 | Create | Villager (Male) |
| 5:18 | Create | Villager (Male) |
| 5:56 | Create | Villager (Male) |
| 5:56 | Create | Villager (Male) |
| 5:59 | Create | Villager (Male) |
| 5:59 | Create | Villager (Male) |
| 6:05 | Build | House |
| 6:11 | Create | Fishing Ship |
| 6:38 | Create | Villager (Male) |
| 6:39 | Create | Villager (Male) |
| 6:56 | Create | Fishing Ship |
| 7:12 | Create | Villager (Male) |
| 7:12 | Create | Villager (Male) |
| 7:13 | Create | Villager (Male) |
| 7:22 | Build | House |
| 7:42 | Create | Fishing Ship |
| 8:02 | Create | Villager (Male) |
| 8:02 | Create | Villager (Male) |
| 8:12 | Create | Villager (Male) |
| 8:12 | Create | Villager (Male) |
| 8:15 | Create | Fishing Ship |
| 8:32 | Build | House |
| 8:36 | Create | Villager (Male) |
| 8:37 | Create | Villager (Male) |
| 8:41 | Create | Villager (Male) |
| 8:42 | Create | Villager (Male) |
| 8:47 | Create | Villager (Male) |
| 8:55 | Create | Villager (Male) |
| 8:55 | Create | Villager (Male) |
| 8:58 | Create | Fishing Ship |
| 9:01 | Build | House |
| 9:33 | Create | Villager (Male) |
| 9:33 | Create | Villager (Male) |
| 9:38 | Build | Mining Camp |
| 9:56 | Create | Villager (Male) |
| 9:56 | Create | Villager (Male) |
| 9:56 | Create | Villager (Male) |
| 10:13 | Build | House |
| 10:17 | Create | Fishing Ship |
| 11:08 | Create | Fishing Ship |
| 11:45 | Research | Feudal Age |
| 11:57 | Build | Barracks |
| 12:15 | Create | Villager (Male) |
| 12:16 | Create | Villager (Male) |
| 12:29 | Build | Mill |
| 12:36 | Create | Villager (Male) |
| 12:37 | Create | Villager (Male) |
| 12:56 | Build | House |
| 13:19 | Build | Mining Camp |
| 13:38 | Create | Villager (Male) |
| 13:38 | Create | Villager (Male) |
| 13:57 | Age | Feudal Age |
| 14:02 | Build | Archery Range |
| 14:39 | Build | Blacksmith |
| 14:56 | Create | Archer |
| 15:04 | Create | Villager (Male) |
| 15:19 | Create | Archer |
| 15:39 | Research | Fletching |
| 15:39 | Research | Padded Archer Armor |
| 15:41 | Research | Castle Age |
| 15:56 | Build | Archery Range |
| 16:16 | Build | Lumber Camp |
| 17:15 | Create | Archer |
| 17:15 | Create | Archer |
| 17:15 | Create | Archer |
| 17:25 | Research | Double-Bit Axe |
| 17:26 | Research | Double-Bit Axe |
| 17:48 | Create | Archer |
| 17:48 | Create | Archer |
| 17:49 | Create | Archer |
| 18:10 | Create | Archer |
| 18:10 | Create | Archer |
| 18:39 | Create | Villager (Male) |
| 18:42 | Age | Castle Age |
| 18:46 | Build | House |
| 18:47 | Build | House |
| 18:50 | Research | Crossbowman (upgrade) |
| 18:51 | Create | Archer |
| 18:53 | Create | Skirmisher |
| 18:54 | Create | Skirmisher |
| 19:04 | Create | Skirmisher |
| 19:04 | Create | Skirmisher |
| 19:09 | Create | Villager (Male) |
| 19:11 | Create | Villager (Male) |
| 19:18 | Build | House |
| 19:19 | Build | House |
| 19:28 | Create | Villager (Male) |
| 19:56 | Create | Villager (Male) |
| 20:06 | Build | Town Center |
| 20:10 | Create | Archer |
| 20:10 | Create | Archer |
| 20:20 | Create | Villager (Male) |
| 20:21 | Create | Villager (Male) |
| 20:31 | Create | Skirmisher |
| 20:32 | Create | Skirmisher |
| 20:32 | Create | Skirmisher |
| 20:32 | Create | Skirmisher |
| 20:33 | Create | Villager (Male) |
| 21:27 | Create | Villager (Male) |
| 21:30 | Create | Villager (Male) |
| 21:54 | Create | Skirmisher |
| 21:54 | Create | Skirmisher |
| 22:00 | Create | Villager (Male) |
| 22:04 | Create | Villager (Male) |
| 22:20 | Research | Bodkin Arrow |
| 22:27 | Create | Villager (Male) |
| 22:32 | Build | Town Center |
| 22:35 | Create | Villager (Male) |
| 22:38 | Research | Wheelbarrow |
| 22:42 | Create | Skirmisher |
| 22:43 | Create | Skirmisher |
| 22:43 | Create | Skirmisher |
| 22:59 | Create | Villager (Male) |
| 22:59 | Create | Villager (Male) |
| 23:00 | Create | Villager (Male) |
| 23:29 | Create | Villager (Male) |
| 23:39 | Build | House |
| 23:39 | Build | House |
| 23:40 | Build | House |
| 23:41 | Build | House |
| 24:12 | Research | Elite Skirmisher (upgrade) |
| 24:22 | Build | Castle |
| 25:00 | Create | Villager (Male) |
| 25:01 | Create | Villager (Male) |
| 25:02 | Create | Villager (Male) |
| 25:21 | Build | University |
| 25:32 | Build | Mill |
| 25:34 | Create | Villager (Male) |
| 25:37 | Create | Villager (Male) |
| 25:52 | Research | Ballistics |
| 26:19 | Create | Villager (Male) |
| 26:19 | Create | Villager (Male) |
| 26:20 | Create | Villager (Male) |
| 26:57 | Create | Plumed Archer |
| 26:58 | Create | Villager (Male) |
Build order — Saraiva
First 150 of 569 actions detected
| 0:23 | Build | Town Center |
| 1:45 | Build | Dock |
| 1:47 | Build | House |
| 2:45 | Create | Villager (Male) |
| 2:45 | Create | Villager (Male) |
| 2:45 | Create | Villager (Male) |
| 2:45 | Create | Villager (Male) |
| 2:46 | Create | Villager (Male) |
| 2:46 | Create | Villager (Male) |
| 3:38 | Build | House |
| 4:14 | Create | Fishing Ship |
| 4:15 | Create | Fishing Ship |
| 4:21 | Research | Loom |
| 4:21 | Research | Loom |
| 4:28 | Build | House |
| 4:45 | Create | Villager (Male) |
| 4:45 | Create | Villager (Male) |
| 5:19 | Create | Villager (Male) |
| 5:19 | Create | Villager (Male) |
| 5:21 | Create | Fishing Ship |
| 5:22 | Create | Fishing Ship |
| 5:22 | Create | Fishing Ship |
| 5:45 | Create | Villager (Male) |
| 5:45 | Create | Villager (Male) |
| 6:11 | Create | Villager (Male) |
| 6:11 | Create | Villager (Male) |
| 6:26 | Create | Villager (Male) |
| 6:26 | Create | Villager (Male) |
| 6:55 | Create | Villager (Male) |
| 7:07 | Create | Villager (Male) |
| 7:11 | Create | Fishing Ship |
| 7:11 | Create | Fishing Ship |
| 7:29 | Create | Villager (Male) |
| 7:29 | Create | Villager (Male) |
| 7:35 | Create | Villager (Male) |
| 7:35 | Create | Villager (Male) |
| 7:36 | Create | Fishing Ship |
| 7:36 | Create | Fishing Ship |
| 7:57 | Create | Fishing Ship |
| 7:57 | Create | Fishing Ship |
| 8:04 | Create | Villager (Male) |
| 8:12 | Build | House |
| 8:25 | Create | Fishing Ship |
| 8:49 | Create | Villager (Male) |
| 8:53 | Build | House |
| 8:53 | Build | House |
| 9:10 | Create | Villager (Male) |
| 9:28 | Create | Fishing Ship |
| 9:47 | Build | Palisade Wall |
| 9:56 | Build | Palisade Wall |
| 9:58 | Create | Villager (Male) |
| 10:10 | Build | Mill |
| 10:11 | Create | Villager (Male) |
| 10:41 | Create | Villager (Male) |
| 10:52 | Research | Feudal Age |
| 10:52 | Research | Feudal Age |
| 10:52 | Research | Feudal Age |
| 11:11 | Build | Palisade Wall |
| 11:40 | Build | Palisade Wall |
| 11:45 | Build | Mining Camp |
| 12:01 | Build | Palisade Wall |
| 12:18 | Build | Palisade Wall |
| 12:23 | Build | Palisade Wall |
| 12:39 | Build | Palisade Wall |
| 13:02 | Age | Feudal Age |
| 13:04 | Create | Villager (Male) |
| 13:05 | Create | Villager (Male) |
| 13:13 | Build | Barracks |
| 13:17 | Build | Blacksmith |
| 13:31 | Create | Villager (Male) |
| 13:43 | Build | Palisade Wall |
| 13:49 | Create | Villager (Male) |
| 14:08 | Build | Market |
| 14:13 | Create | Villager (Male) |
| 14:19 | Build | Lumber Camp |
| 14:27 | Create | Villager (Male) |
| 14:32 | Build | House |
| 14:34 | Build | Palisade Wall |
| 14:43 | Build | Palisade Wall |
| 14:48 | Create | Villager (Male) |
| 15:06 | Research | Castle Age |
| 15:06 | Research | Castle Age |
| 15:18 | Research | Double-Bit Axe |
| 15:18 | Research | Double-Bit Axe |
| 15:24 | Research | Horse Collar |
| 15:24 | Research | Horse Collar |
| 15:31 | Build | Palisade Wall |
| 15:43 | Build | Palisade Wall |
| 15:51 | Build | Farm |
| 15:56 | Build | Farm |
| 15:58 | Build | Farm |
| 16:26 | Build | Farm |
| 16:29 | Build | Farm |
| 16:32 | Build | Farm |
| 16:47 | Build | House |
| 16:55 | Build | Palisade Wall |
| 17:40 | Create | Villager (Male) |
| 17:41 | Create | Villager (Male) |
| 17:50 | Age | Castle Age |
| 17:51 | Build | Town Center |
| 17:53 | Create | Villager (Male) |
| 17:59 | Research | Bow Saw |
| 18:01 | Create | Villager (Male) |
| 18:26 | Create | Villager (Male) |
| 18:39 | Build | Farm |
| 18:40 | Create | Spearman |
| 18:46 | Create | Villager (Male) |
| 18:52 | Build | House |
| 18:53 | Build | House |
| 18:59 | Create | Villager (Male) |
| 19:02 | Create | Villager (Male) |
| 19:03 | Create | Villager (Male) |
| 19:03 | Create | Villager (Male) |
| 19:03 | Create | Villager (Male) |
| 19:21 | Create | Villager (Male) |
| 19:39 | Build | Town Center |
| 19:43 | Create | Villager (Male) |
| 19:50 | Create | Villager (Male) |
| 19:59 | Create | Villager (Male) |
| 20:03 | Build | House |
| 20:05 | Build | House |
| 20:23 | Build | Siege Workshop |
| 20:35 | Create | Villager (Male) |
| 20:43 | Build | Lumber Camp |
| 21:01 | Create | Mangonel |
| 21:01 | Create | Mangonel |
| 21:08 | Create | Villager (Male) |
| 21:08 | Create | Villager (Male) |
| 21:19 | Create | Scorpion |
| 21:19 | Create | Scorpion |
| 21:24 | Create | Villager (Male) |
| 21:25 | Create | Villager (Male) |
| 21:32 | Create | Villager (Male) |
| 21:36 | Create | Villager (Male) |
| 21:56 | Create | Scorpion |
| 22:09 | Build | Farm |
| 22:11 | Create | Villager (Male) |
| 22:12 | Create | Villager (Male) |
| 22:12 | Create | Villager (Male) |
| 22:18 | Build | Mining Camp |
| 22:21 | Create | Villager (Male) |
| 22:21 | Create | Villager (Male) |
| 22:31 | Build | Farm |
| 22:36 | Create | Villager (Male) |
| 22:36 | Create | Villager (Male) |
| 22:36 | Create | Villager (Male) |
| 22:37 | Create | Villager (Male) |
| 22:37 | Create | Villager (Male) |
| 22:40 | Build | House |
| 22:48 | Build | Farm |
Build order — IamSheuu
First 150 of 709 actions detected
| 0:18 | Build | Town Center |
| 1:11 | Build | Dock |
| 1:51 | Build | House |
| 2:38 | Create | Villager (Male) |
| 2:38 | Create | Villager (Male) |
| 2:38 | Create | Villager (Male) |
| 2:38 | Create | Villager (Male) |
| 3:44 | Create | Fishing Ship |
| 3:44 | Create | Fishing Ship |
| 3:53 | Research | Loom |
| 3:53 | Research | Loom |
| 3:54 | Create | Villager (Male) |
| 3:54 | Create | Villager (Male) |
| 4:14 | Build | House |
| 4:49 | Create | Villager (Male) |
| 4:50 | Create | Villager (Male) |
| 5:11 | Create | Fishing Ship |
| 5:11 | Create | Fishing Ship |
| 5:34 | Create | Villager (Male) |
| 5:34 | Create | Villager (Male) |
| 6:04 | Create | Villager (Male) |
| 6:05 | Create | Villager (Male) |
| 6:12 | Create | Fishing Ship |
| 6:13 | Create | Fishing Ship |
| 6:26 | Create | Villager (Male) |
| 6:26 | Create | Villager (Male) |
| 6:34 | Build | House |
| 7:01 | Create | Villager (Male) |
| 7:01 | Create | Villager (Male) |
| 7:22 | Create | Villager (Male) |
| 7:22 | Create | Villager (Male) |
| 7:30 | Create | Villager (Male) |
| 7:30 | Create | Villager (Male) |
| 7:45 | Build | House |
| 8:07 | Create | Fishing Ship |
| 8:15 | Create | Villager (Male) |
| 8:20 | Build | House |
| 8:23 | Create | Fishing Ship |
| 8:43 | Create | Villager (Male) |
| 9:04 | Create | Villager (Male) |
| 9:28 | Create | Villager (Male) |
| 9:49 | Build | Mill |
| 9:54 | Build | House |
| 9:58 | Create | Villager (Male) |
| 10:11 | Create | Villager (Male) |
| 10:35 | Build | Mining Camp |
| 10:47 | Research | Feudal Age |
| 10:58 | Create | Fishing Ship |
| 12:01 | Create | Villager (Male) |
| 12:01 | Create | Villager (Male) |
| 12:22 | Build | Barracks |
| 12:58 | Age | Feudal Age |
| 13:06 | Build | Archery Range |
| 13:20 | Build | House |
| 13:42 | Create | Villager (Male) |
| 13:58 | Build | Blacksmith |
| 14:28 | Build | House |
| 14:32 | Research | Castle Age |
| 14:43 | Build | House |
| 15:13 | Build | Lumber Camp |
| 15:17 | Research | Fletching |
| 15:38 | Build | Dock |
| 15:46 | Research | Double-Bit Axe |
| 16:12 | Create | Villager (Male) |
| 16:12 | Create | Villager (Male) |
| 16:31 | Build | House |
| 16:39 | Create | Fishing Ship |
| 16:39 | Create | Fishing Ship |
| 17:12 | Age | Castle Age |
| 17:20 | Create | Fishing Ship |
| 17:20 | Create | Fishing Ship |
| 17:22 | Create | Elephant Archer |
| 17:22 | Create | Elephant Archer |
| 17:40 | Build | Siege Workshop |
| 17:45 | Research | Padded Archer Armor |
| 17:53 | Create | Villager (Male) |
| 18:27 | Create | Mangonel |
| 18:36 | Create | Villager (Male) |
| 18:45 | Create | Villager (Male) |
| 18:47 | Build | House |
| 18:55 | Build | Palisade Wall |
| 18:58 | Build | Palisade Wall |
| 18:59 | Build | Palisade Wall |
| 19:01 | Build | Palisade Wall |
| 19:06 | Create | Elephant Archer |
| 19:06 | Create | Elephant Archer |
| 19:11 | Build | Town Center |
| 19:16 | Build | House |
| 19:17 | Build | House |
| 19:21 | Create | Villager (Male) |
| 19:23 | Create | Fishing Ship |
| 19:23 | Create | Fishing Ship |
| 19:55 | Create | Elephant Archer |
| 20:05 | Build | House |
| 20:09 | Create | Elephant Archer |
| 20:23 | Create | Villager (Male) |
| 20:23 | Create | Villager (Male) |
| 20:24 | Create | Fishing Ship |
| 20:24 | Create | Fishing Ship |
| 20:49 | Build | Market |
| 20:52 | Build | House |
| 20:57 | Build | Farm |
| 20:59 | Build | Farm |
| 21:04 | Create | Villager (Male) |
| 21:04 | Create | Villager (Male) |
| 21:05 | Create | Villager (Male) |
| 21:36 | Create | Villager (Male) |
| 21:36 | Create | Villager (Male) |
| 21:42 | Create | Elephant Archer |
| 21:42 | Create | Elephant Archer |
| 21:49 | Build | Farm |
| 21:51 | Build | Farm |
| 21:54 | Create | Mangonel |
| 22:18 | Research | Bodkin Arrow |
| 22:22 | Build | Farm |
| 22:22 | Build | Farm |
| 22:22 | Build | Farm |
| 22:45 | Create | Villager (Male) |
| 22:45 | Create | Villager (Male) |
| 22:46 | Create | Villager (Male) |
| 22:46 | Create | Villager (Male) |
| 23:06 | Create | Elephant Archer |
| 23:06 | Create | Elephant Archer |
| 23:15 | Build | Farm |
| 23:17 | Build | Farm |
| 23:32 | Create | Villager (Male) |
| 23:36 | Research | Leather Archer Armor |
| 23:36 | Research | Leather Archer Armor |
| 23:54 | Build | Stable |
| 23:59 | Research | Horse Collar |
| 24:01 | Research | Bow Saw |
| 24:03 | Research | Tech 906 |
| 24:54 | Build | Siege Workshop |
| 25:30 | Create | Armored Elephant |
| 25:30 | Create | Armored Elephant |
| 25:53 | Build | Lumber Camp |
| 26:14 | Research | Wheelbarrow |
| 26:14 | Research | Wheelbarrow |
| 26:45 | Create | Villager (Male) |
| 26:46 | Create | Villager (Male) |
| 26:59 | Create | Armored Elephant |
| 27:14 | Build | Town Center |
| 27:25 | Create | Villager (Male) |
| 27:33 | Build | Lumber Camp |
| 27:45 | Build | Mill |
| 28:02 | Create | Villager (Male) |
| 28:18 | Build | Mining Camp |
| 28:27 | Build | Farm |
| 28:27 | Build | Farm |
| 28:27 | Build | Farm |
Match timeline
| 0:36 | Sorrateiro · first_building Dock |
| 0:46 | Fanaticjedispud · first_building Dock |
| 0:56 | Squid hunter · first_building Dock |
| 1:02 | Modjo · first_building Dock |
| 1:11 | Modjo · wall_segment Palisade Wall x1 |
| 1:11 | IamSheuu · first_building Dock |
| 1:28 | Sorrateiro · wall_segment Palisade Wall x1 |
| 1:31 | BøM_antihack.exe · first_building Dock |
| 1:34 | BøM_antihack.exe · wall_segment Palisade Wall x1 |
| 1:45 | BøM_八府巡案包龍星 · first_building Dock |
| 1:45 | Saraiva · first_building Dock |
| 1:53 | Fanaticjedispud · wall_segment Palisade Wall x1 |
| 1:54 | Fanaticjedispud · wall_segment Palisade Wall x1 |
| 2:07 | BøM_八府巡案包龍星 · wall_segment Palisade Wall x1 |
| 2:09 | BøM_八府巡案包龍星 · wall_segment Palisade Wall x1 |
| 8:06 | Fanaticjedispud · wall_segment Palisade Wall x2 |
| 8:17 | Fanaticjedispud · wall_segment Palisade Wall x1 |
| 8:22 | Fanaticjedispud · wall_segment Palisade Wall x1 |
| 9:47 | Saraiva · wall_segment Palisade Wall x6 |
| 9:56 | Saraiva · wall_segment Palisade Wall x5 |
| 10:33 | Sorrateiro · wall_segment Palisade Wall x1 |
| 10:54 | Fanaticjedispud · first_building Barracks |
| 11:11 | Saraiva · wall_segment Palisade Wall x10 |
| 11:40 | Saraiva · wall_segment Palisade Wall x1 |
| 11:52 | Fanaticjedispud · age_up feudal |
| 11:57 | Modjo · first_building Barracks |
| 11:57 | BøM_antihack.exe · wall_segment Palisade Wall x5 |
| 12:01 | Saraiva · wall_segment Palisade Wall x9 |
| 12:07 | Sorrateiro · age_up feudal |
| 12:18 | Saraiva · wall_segment Palisade Wall x6 |
| 12:22 | IamSheuu · first_building Barracks |
| 12:23 | Saraiva · wall_segment Palisade Wall x1 |
| 12:25 | Fanaticjedispud · wall_segment Palisade Wall x1 |
| 12:26 | Fanaticjedispud · wall_segment Palisade Wall x2 |
| 12:39 | Saraiva · wall_segment Palisade Wall x4 |
| 12:50 | Fanaticjedispud · wall_segment Palisade Wall x1 |
| 12:51 | Fanaticjedispud · wall_segment Palisade Wall x1 |
| 12:53 | Fanaticjedispud · wall_segment Palisade Wall x1 |
| 12:58 | IamSheuu · age_up feudal |
| 13:02 | Saraiva · age_up feudal |
| 13:03 | BøM_antihack.exe · wall_segment Palisade Wall x1 |
| 13:05 | BøM_antihack.exe · wall_segment Palisade Wall x4 |
| 13:06 | IamSheuu · first_building Archery Range |
| 13:13 | Saraiva · first_building Barracks |
| 13:14 | BøM_antihack.exe · wall_segment Palisade Wall x6 |
| 13:43 | Saraiva · wall_segment Palisade Wall x10 |
| 13:57 | Modjo · age_up feudal |
| 14:02 | Modjo · first_building Archery Range |
| 14:07 | Fanaticjedispud · wall_segment Palisade Wall x4 |
| 14:23 | Fanaticjedispud · wall_segment Palisade Wall x1 |
| 14:32 | BøM_antihack.exe · wall_segment Palisade Wall x6 |
| 14:33 | Squid hunter · first_building Barracks |
| 14:34 | Saraiva · wall_segment Palisade Wall x1 |
| 14:43 | Saraiva · wall_segment Palisade Wall x8 |
| 14:46 | Fanaticjedispud · wall_segment Palisade Wall x1 |
| 15:08 | Fanaticjedispud · first_market_sell 100 wood |
| 15:09 | BøM_antihack.exe · age_up feudal |
| 15:23 | Squid hunter · age_up feudal |
| 15:27 | Fanaticjedispud · wall_segment Palisade Wall x2 |
| 15:29 | Squid hunter · first_building Stable |
| 15:31 | Saraiva · wall_segment Palisade Wall x4 |
| 15:43 | Saraiva · wall_segment Palisade Wall x9 |
| 16:00 | Fanaticjedispud · first_market_buy 100 wood |
| 16:03 | BøM_八府巡案包龍星 · age_up feudal |
| 16:07 | Fanaticjedispud · first_building Archery Range |
| 16:25 | Fanaticjedispud · wall_segment Palisade Wall x10 |
| 16:55 | Saraiva · wall_segment Palisade Wall x5 |
| 17:12 | IamSheuu · age_up castle |
| 17:34 | Fanaticjedispud · wall_segment Palisade Wall x4 |
| 17:40 | IamSheuu · first_building Siege Workshop |
| 17:50 | Saraiva · age_up castle |
| 17:55 | Fanaticjedispud · age_up castle |
| 18:41 | BøM_八府巡案包龍星 · wall_segment Palisade Wall x9 |
| 18:42 | Modjo · age_up castle |
| 18:55 | IamSheuu · wall_segment Palisade Wall x1 |
| 18:58 | IamSheuu · wall_segment Palisade Wall x1 |
| 18:58 | Squid hunter · age_up castle |
| 18:59 | IamSheuu · wall_segment Palisade Wall x1 |
| 19:01 | IamSheuu · wall_segment Palisade Wall x1 |
| 19:14 | Sorrateiro · first_market_buy 100 food |
| 19:15 | BøM_八府巡案包龍星 · wall_segment Palisade Wall x8 |
| 19:15 | Sorrateiro · first_market_sell 100 wood |
| 19:36 | BøM_八府巡案包龍星 · age_up castle |
| 20:23 | BøM_antihack.exe · age_up castle |
| 20:23 | Saraiva · first_building Siege Workshop |
| 20:31 | Fanaticjedispud · first_building Siege Workshop |
| 21:00 | Saraiva · first_market_buy 100 wood |
| 21:56 | Sorrateiro · age_up castle |
| 22:17 | IamSheuu · first_market_sell 100 wood |
| 22:17 | IamSheuu · first_market_buy 100 food |
| 23:39 | Squid hunter · first_building Siege Workshop |
| 23:40 | Sorrateiro · first_building Monastery |
| 23:54 | IamSheuu · first_building Stable |
| 24:22 | Modjo · first_building Castle |
| 25:09 | Fanaticjedispud · first_building Stable |
| 27:02 | Saraiva · first_building Castle |
| 29:36 | BøM_antihack.exe · first_building Monastery |
| 29:49 | IamSheuu · first_building Monastery |
| 30:01 | BøM_antihack.exe · first_building Barracks |
| 30:34 | Fanaticjedispud · wall_segment Palisade Wall x1 |
| 30:40 | BøM_antihack.exe · first_building Stable |
| 31:10 | Modjo · first_building Siege Workshop |
| 31:32 | BøM_antihack.exe · wall_segment Palisade Wall x1 |
| 32:06 | BøM_antihack.exe · wall_segment Palisade Wall x1 |
| 32:09 | Squid hunter · first_building Castle |
| 32:11 | Saraiva · first_market_sell 100 wood |
| 32:13 | BøM_antihack.exe · wall_segment Palisade Wall x1 |
| 32:20 | BøM_antihack.exe · wall_segment Palisade Wall x1 |
| 32:48 | Fanaticjedispud · age_up imperial |
| 33:02 | Fanaticjedispud · first_building Castle |
| 33:12 | Sorrateiro · first_building Castle |
| 33:38 | BøM_antihack.exe · age_up imperial |
| 33:55 | BøM_八府巡案包龍星 · first_building Barracks |
| 34:42 | Squid hunter · first_market_buy 100 wood |
| 34:53 | BøM_八府巡案包龍星 · first_building Archery Range |
| 35:05 | Sorrateiro · first_building Barracks |
| 35:16 | BøM_八府巡案包龍星 · first_building Castle |
| 35:25 | Saraiva · age_up imperial |
| 35:34 | Sorrateiro · first_building Archery Range |
| 35:48 | BøM_antihack.exe · first_building Castle |
| 35:49 | Squid hunter · first_market_sell 100 wood |
| 35:53 | BøM_八府巡案包龍星 · first_building Monastery |
| 36:42 | Sorrateiro · age_up imperial |
| 38:32 | BøM_antihack.exe · first_market_sell 500 wood |
| 39:00 | Squid hunter · age_up imperial |
| 39:28 | BøM_八府巡案包龍星 · age_up imperial |
| 39:44 | IamSheuu · first_building Castle |
| 40:26 | Modjo · age_up imperial |
| 41:34 | BøM_antihack.exe · first_market_buy 100 stone |
| 42:05 | BøM_八府巡案包龍星 · wall_segment Stone Wall x13 |
| 42:38 | Sorrateiro · tribute_sent a jugador 2 |
| 42:38 | Sorrateiro · tribute_sent a jugador 3 |
| 42:38 | Sorrateiro · tribute_sent a jugador 4 |
| 42:38 | Sorrateiro · tribute_sent a jugador 5 |
| 42:38 | Sorrateiro · tribute_sent a jugador 6 |
| 42:38 | Sorrateiro · tribute_sent a jugador 7 |
| 42:38 | Sorrateiro · tribute_sent a jugador 8 |
| 43:40 | Saraiva · wall_segment Stone Wall x9 |
| 44:25 | BøM_antihack.exe · wall_segment Stone Wall x9 |
| 44:32 | IamSheuu · age_up imperial |
| 44:58 | BøM_antihack.exe · wall_segment Stone Wall x1 |
| 45:04 | BøM_antihack.exe · wall_segment Stone Wall x1 |
| 45:04 | Saraiva · wall_segment Stone Wall x8 |
| 46:38 | Sorrateiro · tribute_sent a jugador 2 |
| 46:38 | Sorrateiro · tribute_sent a jugador 3 |
| 46:38 | Sorrateiro · tribute_sent a jugador 4 |
| 46:38 | Sorrateiro · tribute_sent a jugador 5 |
| 46:38 | Sorrateiro · tribute_sent a jugador 6 |
| 46:38 | Sorrateiro · tribute_sent a jugador 7 |
| 46:38 | Sorrateiro · tribute_sent a jugador 8 |
| 47:03 | BøM_八府巡案包龍星 · wall_segment Stone Wall x1 |
| 47:04 | BøM_八府巡案包龍星 · wall_segment Stone Wall x1 |
| 47:12 | BøM_antihack.exe · wall_segment Stone Wall x1 |
| 47:35 | BøM_antihack.exe · wall_segment Stone Wall x1 |
| 48:08 | BøM_antihack.exe · wall_segment Stone Wall x1 |
| 48:23 | BøM_antihack.exe · wall_segment Palisade Wall x1 |
| 48:52 | Sorrateiro · tribute_sent a jugador 2 |
| 48:52 | Sorrateiro · tribute_sent a jugador 3 |
| 48:52 | Sorrateiro · tribute_sent a jugador 4 |
| 48:52 | Sorrateiro · tribute_sent a jugador 5 |
| 48:52 | Sorrateiro · tribute_sent a jugador 6 |
| 48:52 | Sorrateiro · tribute_sent a jugador 7 |
| 48:52 | Sorrateiro · tribute_sent a jugador 8 |
| 52:27 | BøM_八府巡案包龍星 · tribute_sent a jugador 1 |
| 52:27 | BøM_八府巡案包龍星 · tribute_sent a jugador 2 |
| 52:27 | BøM_八府巡案包龍星 · tribute_sent a jugador 3 |
| 52:27 | BøM_八府巡案包龍星 · tribute_sent a jugador 5 |
| 52:27 | BøM_八府巡案包龍星 · tribute_sent a jugador 6 |
| 52:27 | BøM_八府巡案包龍星 · tribute_sent a jugador 7 |
| 52:27 | BøM_八府巡案包龍星 · tribute_sent a jugador 8 |
| 52:36 | BøM_八府巡案包龍星 · tribute_sent a jugador 1 |
| 52:36 | BøM_八府巡案包龍星 · tribute_sent a jugador 2 |
| 52:36 | BøM_八府巡案包龍星 · tribute_sent a jugador 3 |
| 52:36 | BøM_八府巡案包龍星 · tribute_sent a jugador 5 |
| 52:36 | BøM_八府巡案包龍星 · tribute_sent a jugador 6 |
| 52:36 | BøM_八府巡案包龍星 · tribute_sent a jugador 7 |
| 52:36 | BøM_八府巡案包龍星 · tribute_sent a jugador 8 |
| 52:54 | BøM_八府巡案包龍星 · tribute_sent a jugador 1 |
| 52:54 | BøM_八府巡案包龍星 · tribute_sent a jugador 2 |
| 52:54 | BøM_八府巡案包龍星 · tribute_sent a jugador 3 |
| 52:54 | BøM_八府巡案包龍星 · tribute_sent a jugador 5 |
| 52:55 | BøM_八府巡案包龍星 · tribute_sent a jugador 6 |
| 52:55 | BøM_八府巡案包龍星 · tribute_sent a jugador 7 |
| 52:55 | BøM_八府巡案包龍星 · tribute_sent a jugador 8 |
| 53:12 | Modjo · first_market_buy 100 stone |
| 53:14 | IamSheuu · tribute_sent a jugador 1 |
| 53:14 | IamSheuu · tribute_sent a jugador 2 |
| 53:14 | IamSheuu · tribute_sent a jugador 3 |
| 53:14 | IamSheuu · tribute_sent a jugador 4 |
| 53:14 | IamSheuu · tribute_sent a jugador 5 |
| 53:14 | IamSheuu · tribute_sent a jugador 6 |
| 53:14 | IamSheuu · tribute_sent a jugador 7 |
| 53:48 | Fanaticjedispud · resign |
| 55:17 | Modjo · first_market_sell 500 wood |
| 57:47 | BøM_antihack.exe · first_building Siege Workshop |
[ AI ANALYSIS · 1 CREDIT ]
What really happened in this match?
Wolo.gg analyzes every decision: build order, eco, micro, common mistakes by bracket. Personalized analysis on WhatsApp or Discord in 30 seconds.
Civ guide
Teutons
Perfil
BøM_antihack.exe